 Dungeon Crawl Stone Soup version 0.25-a0-290-g4a1327e (webtiles) character file.

Game seed: 7988063537749322767, levelgen mode: deterministic

0 Charmandara the Vexing (level 1, 0/14 HPs)
             Began as a Demigod Enchanter on Dec 13, 2019.
             Slain by a hobgoblin
             ... wielding a +0 club
              (3 damage)
             ... on level 1 of the Dungeon.
             The game lasted 00:00:52 (30 turns).

Charmandara the Vexing (Demigod Enchanter)            Turns: 30, Time: 00:00:53

Health: 0/14       AC:  2    Str: 11    XL:     1   Next: 6%
Magic:  4/5        EV: 12    Int: 19    God:
Gold:   4          SH:  0    Dex: 16    Spells: 2/3 levels left

rFire    . . .     SeeInvis .   a - +1 dagger
rCold    . . .     Gourm    .   (no shield)
rNeg     . . .     Faith    .   b - +0 robe
rPois    .         Spirit   .   (no helmet)
rElec    .         Reflect  .   (no cloak)
rCorr    .         Harm     .   (no gloves)
MR       .....                  (no boots)
Stlth    ++........             (no amulet)
HPRegen  0.04/turn              (no ring)
MPRegen  0.09/turn              (no ring)

@: no status effects
A: high mp 1
a: no special abilities


You were on level 1 of the Dungeon.
You were not hungry.

You visited 1 branch of the dungeon, and saw 1 of its levels.

You collected 4 gold pieces.

Inventory:

Hand Weapons
 a - a +1 dagger (weapon)
Armour
 b - a +0 robe (worn)
Scrolls
 c - a scroll of noise {unknown}
Potions
 e - a potion of haste {unknown}
Comestibles
 d - a ration


   Skills:
 + Level 1.0 Short Blades
 - Level 1.7 Dodging
 - Level 2.6 Stealth
 - Level 1.7 Spellcasting
 - Level 2.6 Hexes


You had 2 spell levels left.
You knew the following spells:

 Your Spells              Type           Power        Failure   Level  Hunger
v - Corona                Hex            ##.....      6%          1    #......

Your spell library contained the following spells:

 Spells                   Type           Power        Failure   Level  Hunger
 Ensorcelled Hibernation  Hex/Ice        #.....       16%         2    ###....
 Confuse                  Hex            ##......     17%         3    ###....
 Tukima's Dance           Hex            ##......     17%         3    ###....
 Dazzling Flash           Conj/Hex       #.....       30%         3    ###....


Dungeon Overview and Level Annotations

Branches:
Dungeon (1/15)


Innate Abilities, Weirdness & Mutations

You have an increased reservoir of magic. (+10% MP)


Message History

Welcome, Charmandara the Demigod Enchanter.
The bosom of this dungeon contains the fabulous artefact, the Orb of Zot.
Found 4 gold pieces and a ring mail.
Found a staircase leading out of the dungeon.
You now have 4 gold pieces.
There is a staircase leading out of the dungeon here.
You open the door.
A kobold comes into view. It is wielding a +0 dagger.
The kobold shouts!
You hear a shout!
The kobold throws a stone.
The stone misses you.
A kobold is nearby!
The kobold throws a stone.
The stone closely misses you.
There is an open door here.
The kobold throws a stone.
The stone hits you but does no damage.
A hobgoblin comes into view. It is wielding a +0 club.
Things that are here:
a stone; a scroll labeled SAAC EQIZIDICK
c - a scroll labeled SAAC EQIZIDICK The kobold throws a stone.
The stone closely misses you. The hobgoblin closely misses you.
You see here a green potion.
e - a green potion The hobgoblin closely misses you.
You don't know that spell.
You see here a stone.
There is an open door here.
Aim: a kobold, wielding a +0 dagger (chance to defeat MR: 64%)
The kobold is outlined in light.
The kobold closely misses you.
You now have 4/5 mp.
Unknown command.
You barely miss the kobold. The kobold hits you with a +0 dagger.
You take 2 damage, and have 12/14 hp.
You hit the kobold but do no damage. The kobold closely misses you.
You hit the kobold. The kobold closely misses you.
You hit the kobold but do no damage. The kobold hits you with a +0 dagger.
You take 2 damage, and have 10/14 hp.
You hit the kobold but do no damage. The kobold hits you with a +0 dagger.
You take 2 damage, and have 8/14 hp.
You hit the kobold.
You kill the kobold!
Your Short Blades skill increases to level 1!
You closely miss the hobgoblin. The hobgoblin hits you with a +0 club.
You take 2 damage, and have 6/14 hp.
Aim: a hobgoblin, wielding a +0 club (chance to defeat MR: 64%)
The hobgoblin is outlined in light.
The hobgoblin barely misses you.
You now have 3/5 mp.
Unknown command.
You hit the hobgoblin but do no damage. The hobgoblin barely misses you.
You hit the hobgoblin but do no damage. The hobgoblin hits you with a +0 club.
You barely miss the hobgoblin. The hobgoblin barely misses you.
You hit the hobgoblin but do no damage. You hit the hobgoblin.
The hobgoblin barely misses you.
You hit the hobgoblin but do no damage. The hobgoblin hits you with a +0 club.
* * * LOW HITPOINT WARNING * * *
You take 3 damage, and have 3/14 hp.
MASSIVE DAMAGE!!
You hit the hobgoblin but do no damage. The hobgoblin hits you with a +0 club.
You die...

# ##. #.. #####
###... ##((.##
#.....###.[...#
#...⌠.@..<..#
#...#g#.....#
#.....##...##
#....#######
#$... #...$
#.##+ ##


You could see a hobgoblin.

Vanquished Creatures
  A kobold (D:1)
1 creature vanquished.

Notes
Turn   | Place    | Note
-------+----------+-------------------------------------------
     0 | D:1      | Charmandara the Demigod Enchanter began the quest for the
                  | Orb.
     0 | D:1      | Reached XP level 1. HP: 14/14 MP: 5/5
    21 | D:1      | Reached skill level 1 in Short Blades
    29 | D:1      | HP: 3/14 [hobgoblin/+0 club (3)]
    30 | D:1      | Slain by a hobgoblin

Levels and vault maps discovered:
D:1:      noname_arrival_rooms_in_the_neighbourhood, layout_rooms

Skill      XL: |  1 |
---------------+----+-----
Short Blades   | 1 |  1.0
Dodging        | |  1.7
Stealth        | |  2.6
Spellcasting   | |  1.7
Hexes          | |  2.6

Action                   || total
-------------------------++-------
Melee: Dagger            ||    14
 Cast: Corona            ||     2
Dodge: Dodged            ||    12

Table legend:
 A = Non-vault XP
 B = Vault XP
 C = Vault XP percentage of total XP
 D = Non-vault monster count
 E = Vault monster count
 F = Vault count percentage of total count
                 A         B        C        D         E       F
            +---------+---------+-------+---------+---------+-------
      Total |       1 |       0 |   0.0 |       1 |       0 |   0.0
            +---------+---------+-------+---------+---------+-------
        D:1 |       1 |       0 |   0.0 |       1 |       0 |   0.0
            +---------+---------+-------+---------+---------+-------

Levels and vault maps discovered:
D:1:      noname_arrival_rooms_in_the_neighbourhood, layout_rooms

Table legend:
 A = Turns spent in this place as a percentage of turns spent in the entire game.
 B = Non-inter-level travel turns spent in this place as a percentage of non-inter-level travel turns spent in the entire game.
 C = Inter-level travel turns spent in this place as a percentage of turns spent in this place.
 D = Turns resting spent in this place as a percentage of non-inter-level travel turns spent in this place.
 E = Turns spent auto-exploring this place as a percentage of non-inter-level travel turns spent in this place.
 F = Non-inter-level travel turns spent in this place divided by the number of levels of this place that you've seen.
                   A       B       C       D       E      F
               +-------+-------+-------+-------+-------+----------------------
         Total | 100.0 | 100.0 |   0.0 |   0.0 |  13.3 |  30.0
       Dungeon | 100.0 | 100.0 |   0.0 |   0.0 |  13.3 |  30.0
               +-------+-------+-------+-------+-------+----------------------

Table legend:
 A = Kills in this place as a percentage of kills in entire the game.
 B = Kills by you in this place as a percentage of kills by you in the entire game.
 C = Kills by friends in this place as a percentage of kills by friends in the entire game.
 D = Other kills in this place as a percentage of other kills in the entire game.
 E = Experience gained in this place as a percentage of experience gained in the entire game.
 F = Experience gained in this place divided by the number of levels of this place that you have seen.
                   A       B       C       D       E      F
               +-------+-------+-------+-------+-------+----------------------
         Total | 100.0 | 100.0 |   N/A |   N/A | 100.0 |   1.0
       Dungeon | 100.0 | 100.0 |   N/A |   N/A | 100.0 |   1.0
               +-------+-------+-------+-------+-------+----------------------
